AoeStats
← universal

Coastal Forest

510424747Analyzed
2v2 RM · 1d ago on Oct 1, 2026· 58m 49s· 4 players
Game mode
Random Map
Map size
Medium (4 player)
Population
200
Speed
Normal
Resources
Standard
Victory
Conquest
Starting age
Dark Age
Ending age
Imperial Age
RankedLock teamsTeams togetherTeam positionsShared explorationLock speedFull tech treeHidden civsTurbo modeCheats
Victory
Defeat
🇨🇱 Wu · Chile
583
+7
🇨🇱 Spanish · Chile
570
+8
🇮🇳 Britons · India
390
-8
🇨🇴 Sicilians · Colombia
359
-7
universal
22:14 Feudal Age
24:22 Gold Mining
24:15 Horse Collar
24:22 Double-Bit Axe
33:50 Stone Mining
36:59 Scale Mail Armor
41:33 Castle Age
44:01 Chain Mail Armor
45:19 Heavy Plow
49:29 Wheelbarrow
karthiksandy19
16:07 Feudal Age
17:31 Wheelbarrow
19:43 Double-Bit Axe
20:01 Fletching
20:12 Padded Archer Armor
22:20 Castle Age
24:22 Hand Cart
24:05 Gold Mining
24:06 Stone Mining
25:52 Gold Shaft Mining
25:21 Bodkin Arrow
26:51 Leather Archer Armor
31:12 Yeomen
36:23 Horse Collar
38:27 Murder Holes
41:56 Imperial Age
40:26 Heavy Plow
41:58 Bow Saw
42:14 Ballistics
43:28 Elite Longbowman
49:07 Bracer
49:37 Ring Archer Armor
55:34 Chemistry
54:58 Capped Ram
victorcherack
1:17 Loom
13:22 Feudal Age
14:24 Double-Bit Axe
15:51 Wheelbarrow
18:15 Town Watch
23:20 Castle Age
25:53 Horse Collar
28:25 Husbandry
30:19 Elite Skirmisher
32:56 Red Cliffs Tactics
32:57 Fletching
33:47 Bodkin Arrow
35:12 Gold Mining
35:44 Fishing Lines
36:49 Gold Shaft Mining
37:04 Ballistics
38:25 Murder Holes
44:34 Imperial Age
42:37 Padded Archer Armor
43:35 Gillnets
45:59 Bracer
48:18 Chemistry
48:01 Heavy Hei Guang Cavalry
50:29 Scale Barding Armor
51:32 Chain Barding Armor
53:42 Plate Barding Armor
53:23 Masonry
53:40 Forging
54:07 Leather Archer Armor
58:26 Iron Casting
leoleitogg
8:50 Loom
11:01 Feudal Age
11:53 Double-Bit Axe
17:37 Fishing Lines
22:22 Castle Age
22:25 Bloodlines
26:43 Scale Barding Armor
26:40 Padded Archer Armor
26:30 Fletching
28:23 Husbandry
29:06 Chain Barding Armor
29:32 Squires
28:53 Pikeman
30:24 Gillnets
33:00 Masonry
32:44 Guard Tower
33:06 Bodkin Arrow
35:59 Bow Saw
35:58 Caravan
39:15 Imperial Age
37:57 Ballistics
38:53 Elite Skirmisher
39:54 Leather Archer Armor
41:03 Chemistry
40:00 Murder Holes
40:37 Architecture
40:55 Plate Barding Armor
42:17 Inquisition
42:39 Supremacy
42:49 Conscription
43:50 Ring Archer Armor
42:51 Cavalier
46:38 Theocracy
47:50 Elite Conquistador
48:02 Sappers
49:15 Illumination
49:09 Block Printing
49:16 Fervor
49:23 Redemption
55:08 Two-Man Saw
57:25 Bombard Tower
58:07 Capped Ram
Connection lost

Rejoining the realm…

Still unreachable

The connection could not be restored.

Session expired

The server has moved on; the page needs a fresh start.